 Dungeon Crawl Stone Soup version 0.31-a0-516-gfcb59812bd (webtiles) character file.

Game seed: 13810406709460731689

21 Conn the Firebug (level 2, -2/15 HPs)
             Began as a Deep Elf Fire Elementalist on Aug 10, 2023.
             Frozen to death by an endoplasm (4 damage)
             ... on level 2 of the Dungeon.
             The game lasted 00:03:38 (1006 turns).

Conn the Firebug (Deep Elf Fire Elementalist)       Turns: 1006, Time: 00:03:41

Health: -2/15      AC:  4    Str:  5    XL:     2   Next: 65%
Magic:  6/8        EV: 12    Int: 19    God:
Gold:   46         SH:  0    Dex: 15    Spells: 4/7 levels left

rFire   . . .        i - +0 dagger
rCold   . . .        (no shield)
rNeg    . . .        a - +0 robe
rPois   .            (no helmet)
rElec   .            (no cloak)
rCorr   .            (no gloves)
SInv    .            e - +1 pair of boots
Will    .....        f - amulet of faith
Stlth   ++           (no ring)
HPRegen 0.22/turn    (no ring)
MPRegen 0.11/turn

%: faith
@: on berserk cooldown, attractive, slowed, very slow
A: no striking features
a: no special abilities


You were on level 2 of the Dungeon.
You visited 1 branch of the dungeon, and saw 2 of its levels.

You collected 46 gold pieces.

Inventory:

Hand Weapons
 i - a +0 dagger (weapon)
Armour
 a - a +0 robe (worn)
 e - a +1 pair of boots (worn)
Jewellery
 f - an amulet of faith (around neck)
Scrolls
 c - a scroll of amnesia {unknown}
 d - a scroll of acquirement {unknown}
 g - a scroll of identify {unknown}
 j - a scroll of noise {unknown}


   Skills:
 + Level 2.5 Dodging
 + Level 2.5 Stealth
 + Level 3.3 Spellcasting
 + Level 1.4 Conjurations
 + Level 4.0 Fire Magic


You had 4 spell levels left.
You knew the following spells:

 Your Spells              Type           Power      Damage    Failure   Level
a - Foxfire               Conj/Fire      52%        2x1d6     4%          1
b - Scorch                Fire           36%        2d6       4%          2

Your spell library contained the following spells:

 Spells                   Type           Power      Damage    Failure   Level
 Shock                    Conj/Air       20%        1d4       11%         1
 Inner Flame              Hex/Fire       10%        N/A       19%         3
 Volatile Blastmotes      Fire/Tloc      20%        2d11      19%         3
 Swiftness                Air            3%         N/A       41%         3
 Flame Wave               Conj/Fire      13%        2d6       43%         4
 Airstrike                Air            1%         2d(1-17)  83%         4


Dungeon Overview and Level Annotations

Branches:
Dungeon (2/15)

Altars:

Shops:
D:1 [[**

Annotations:
D:2 Sigmund, Terence


Message History

You feel a strong urge to attack something.
The rat is attracted toward you. The endoplasm is attracted toward you.
Terence is attracted toward you. The rat is attracted toward you.
You feel your anger nearly subside.
You are no longer berserk.
You are exhausted.
You feel yourself slow down. Terence is attracted toward you.
The rat is attracted toward you.
Casting: Scorch (safe; 4% risk of failure)
Confirm with . or Enter, or press ? or * to list all spells.
Okay, then.
Casting: Scorch (safe; 4% risk of failure)
Confirm with . or Enter, or press ? or * to list all spells.
Flames lash Terence.
Terence is lightly wounded.
Terence's fire resistance burns away.
The endoplasm freezes you.
You are frozen.
* * * LOW HITPOINT WARNING * * *
Magic courses through your body.
The endoplasm hits you but does no damage.
The endoplasm freezes you.
You are frozen.
* * * LOW HITPOINT WARNING * * *
Unknown command.
Casting: Scorch (safe; 4% risk of failure)
Confirm with . or Enter, or press ? or * to list all spells.
Okay, then.
Unknown command.
Casting: Scorch (safe; 4% risk of failure)
Confirm with . or Enter, or press ? or * to list all spells.
Okay, then.
Casting: Scorch (safe; 4% risk of failure)
Confirm with . or Enter, or press ? or * to list all spells.
Flames lash Terence.
Terence is burned terribly!
Terence is heavily wounded.
The endoplasm freezes you.
You are frozen.
You die...

#.# #. #.# #..#.# ### #.# #. #.#
#....# ... #.#
#.###.#####..#.###.# #.#
#............#.....# #.#
##(.)....(.......######
#.##########†##.######...........
#............##.# #####.######
###############.##########.#
#.@J@r.....).# ##############


You could see Terence (combustible), an endoplasm and a rat.

Vanquished Creatures
  2 endoplasms (D:1)
  A giant cockroach (D:1)
  3 goblins
  2 hobgoblins (D:1)
  A quokka (D:1)
  A ball python (D:1)
  6 bats
  A frilled lizard (D:1)
  A kobold (D:2)
  2 rats (D:1)
20 creatures vanquished.

Vanquished Creatures (others)
  50 foxfires
50 creatures vanquished.

Grand Total: 70 creatures vanquished

Notes
Turn   | Place    | Note
-------+----------+-------------------------------------------
     0 | D:1      | Conn the Deep Elf Fire Elementalist began the quest for the
                  | Orb.
     0 | D:1      | Reached XP level 1. HP: 10/10 MP: 6/6
   263 | D:1      | Found Efimitio's General Store.
   300 | D:1      | Reached XP level 2. HP: 15/15 MP: 6/8
   495 | D:1      | Found Vuaskaxi's Antique Armour Boutique.
   501 | D:1      | Found Gacuaclu's Armour Shoppe.
   536 | D:1      | Found Mebocriw's General Store.
   623 | D:1      | Reached skill level 4 in Fire Magic
   890 | D:2      | Noticed Sigmund
   913 | D:2      | Learned a level 2 spell: Scorch
   968 | D:2      | Noticed Terence
  1006 | D:2      | Frozen to death by an endoplasm

Illustrated notes

Levels and vault maps discovered:
D:1:      roderic_octagonal_star, layout_loops_ring, serial_shops, shop, shop,
          nicolae_shop_stone, shop, minmay_strange_pillars, minmay_tetromino_l4
D:2:      layout_loops_ring, uniq_crazy_yiuf_cottage, uniq_terence, uniq_sigmund

Skill      XL: |  1  2 |
---------------+-------+-----
Fire Magic     | 4 |  4.0
Dodging        | |  2.5
Stealth        | |  2.5
Spellcasting   | |  3.3
Conjurations   | |  1.4

Action                     || total
---------------------------++-------
  Melee: Unarmed           ||     3
         Dagger            ||     1
   Cast: Foxfire           ||    31
         Scorch            ||     5
    Use: Potion            ||     3
 Armour: Robe              ||    11
  Dodge: Dodged            ||    17

Table legend: (Time is in decaauts)
 A = Elapsed time spent in this place.
 B = Non-inter-level travel time spent in this place.
 C = Inter-level travel time spent in this place.
 D = Time resting spent in this place.
 E = Time spent auto-exploring this place.
 F = Levels seen in this place.
 G = Mean time per level.
                   A        B        C        D        E       F      G
               +--------+--------+--------+--------+--------+-----+--------+
         Total |   1006 |    960 |     46 |      0 |    684 |   2 |  503.0 |
       Dungeon |   1006 |    960 |     46 |      0 |    684 |   2 |  503.0 |
               +--------+--------+--------+--------+--------+-----+--------+

Top non-repeatable levels by time:
     D:1: 868 daAuts
     D:2: 138 daAuts
